Match 27776473
Unlisted

Match 27776473
End
Panzergrenadier Squad
250 Light Carrier
Panzerpioneer Squad
Panzergrenadier Squad
Construct Light Support Kompanie
MG34 Team
Construct Mechanized Kompanie
Marder III Tank Destroyer
2.5-tonne Medical Truck
Veteran Squad Leaders
Marder III Tank Destroyer
Selects Battlefield Espionage Battlegroup
Selects Intel Disruption Beacon
Selects Plunder
Selects 250/3 Funkpanzerwagen
Support Armor Elements
StuG III D Assault Gun
Fire Support Elements
Panzergrenadier Squad
ΩMythkΩ
stimpack
mang171
captain_spicy925
Friendly Mouse(Poxie)
my worst self
xingjiyiba
HAZU HAZUKI
0
0

Comments sign in to comment!

No comments posted yet!